 Dungeon Crawl Stone Soup version 0.21-a0-404-g291f19a (webtiles) character file.

3787 tof the Cruncher (level 9, -3/78 HPs)
             Began as a Minotaur Gladiator on Oct 28, 2017.
             Was a Follower of Wu Jian.
             Slain by a vampire (8 damage)
             ... on level 8 of the Dungeon.
             The game lasted 00:12:05 (7051 turns).

tof the Cruncher (Minotaur Gladiator)               Turns: 7051, Time: 00:12:06

Health: -3/78      AC: 16    Str: 18    XL:     9   Next: 95%
Magic:  8/8        EV: 14    Int:  5    God:    Wu Jian [*.....]
Gold:   417        SH:  0    Dex: 16    Spells: 8/8 levels left

rFire    . . .     SeeInvis .   a - +0 quarterstaff
rCold    . . .     Gourm    +   (shield currently unavailable)
rNeg     . . .     Faith    .   l - +0 scale mail
rPois    .         Spirit   .   c - +0 hat
rElec    .         Reflect  .   H - +0 cloak
rCorr    .         Harm     .   (no gloves)
MR       .....                  O - +0 pair of boots
Stlth    ..........             E - amulet of the gourmand
HPRegen  0.23/turn              G - +5 ring of protection
MPRegen  0.11/turn              (no ring)

@: hasted, very quick
A: retaliatory headbutt, horns 2
a: Renounce Religion


You were on level 8 of the Dungeon.
You worshipped Wu Jian.
Wu Jian was aware of your devotion.
You were very full.

You visited 2 branches of the dungeon, and saw 9 of its levels.

You collected 417 gold pieces.

Inventory:

Hand Weapons
 a - a +0 quarterstaff (weapon)
Missiles
 d - 3 throwing nets
 m - 7 javelins (quivered)
 u - 3 tomahawks
 J - 4 poisoned needles
Armour
 b - a +0 leather armour
 c - a +0 hat (worn)
 l - a +0 scale mail (worn)
 H - a +0 cloak (worn)
 O - a +0 pair of boots (worn)
Jewellery
 B - an uncursed amulet of rage
 E - an amulet of the gourmand (around neck)
 G - a +5 ring of protection (left hand)
Wands
 p - a wand of enslavement (11/24)
 I - a wand of random effects (28/48)
 K - a wand of polymorph (11/24)
Scrolls
 e - 4 scrolls of amnesia
 s - 2 scrolls of enchant armour
 t - a scroll of teleportation
 y - 2 scrolls of noise
 z - a scroll of random uselessness
 A - a scroll of immolation
 D - 5 scrolls of remove curse
 F - 2 scrolls of enchant weapon
 L - a scroll of fog {unknown}
Potions
 g - 4 potions of haste
 h - 3 potions of agility {unknown}
 i - 4 potions of magic {unknown}
 j - 2 potions of lignification {unknown}
 o - 2 potions of flight {unknown}
 v - a potion of brilliance {unknown}
 w - 2 potions of heal wounds {unknown}
 x - 4 potions of degeneration {unknown}
 C - a potion of cancellation {unknown}
 N - a potion of curing {unknown}
Books
 M - a book of Callings

   Spells                             Type                      Level
   a - Summon Small Mammal            Summoning                    1
   b - Call Imp                       Summoning                    2
   c - Call Canine Familiar           Summoning                    3
   d - Summon Guardian Golem          Hexes/Summoning              3
   e - Summon Lightning Spire         Summoning/Air                4
   f - Summon Ice Beast               Ice/Summoning                4
Comestibles
 f - 7 bread rations
 k - 5 fruits
 n - 6 royal jellies
 q - 4 meat rations


   Skills:
 + Level 6.8 Fighting
 * Level 9.9 Staves
 + Level 5.7 Throwing
 * Level 9.1 Armour
 + Level 6.7 Dodging


You had 8 spell levels left.
You didn't know any spells.

Dungeon Overview and Level Annotations

Branches:
Dungeon (8/15)             Temple (1/1) D:5
   Lair: D:8-11

Altars:
Ashenzari
Cheibriados
Elyvilon
Gozag
Hepliaklqana
Makhleb
Nemelex Xobeh
Okawaru
Qazlal
Sif Muna
Trog
Uskayaw
Vehumet
Wu Jian
Xom
Yredelemnul
The Shining One


Innate Abilities, Weirdness & Mutations

You reflexively headbutt those who attack you in melee.
You have a pair of horns on your head.


Message History

The vampire hits you but does no damage.
The vampire bites you.
* * * LOW HITPOINT WARNING * * *
The vampire draws strength from your injuries!
You hit the vampire.
The vampire is almost destroyed.
You hit the vampire.
The vampire is almost destroyed.
The vampire is infused with unholy energy.
* * * LOW HITPOINT WARNING * * *
The vampire draws life force from you and is healed!
You barely miss the vampire.
You headbutt the vampire, but do no damage.
The vampire is severely damaged.
The vampire hits you but does no damage.
The vampire misses you.
It was a potion of haste.
You feel yourself speed up. The vampire completely misses you.
You furiously retaliate!
You headbutt the vampire. The vampire bites you!
You die...

#......## ##...###
.. ##(## .# # #.# +.
..! #.# .#.#.# #.#
#....
#.###########.#.#.#.
#..........[........
############@#.#.#.
#V....... .#.#.#.#.
## .. .. #.# #.# ..
. #.# ..


You could see a vampire.

Vanquished Creatures
  The ghost of Rhok the Skirmisher, an amateur CeCK of Xom (D:3)
  A human (D:7)
  4 hogs (D:7)
  Eustachio (D:6)
  A black bear (D:7)
  An orc warrior (D:7)
  2 ice beasts
  2 phantoms
  2 sky beasts
  4 ogres
  The ghost of Rhok the Digger, an amateur CeEE (D:4)
  3 centaurs
  2 bullfrogs
  3 scorpions
  2 howler monkeys (D:7)
  2 crimson imps
  A bullfrog zombie (D:6)
  A jelly (D:7)
  2 hounds
  2 orc priests
  11 orc wizards
  2 iguanas
  3 worker ants
  A hound skeleton (D:4)
  15 adders
  3 gnolls (D:3)
  2 oozes (D:2)
  An adder zombie (D:7)
  A worm (D:3)
  3 dart slugs
  6 leopard geckos
  29 orcs
  9 bats
  3 giant cockroaches
  6 goblins
  11 hobgoblins
  17 jackals
  A quokka (D:4)
  A ball python (D:4)
  8 frilled lizards
  8 kobolds
  2 leopard gecko skeletons
  A quokka zombie (D:5)
  8 rats
190 creatures vanquished.

Notes
Turn   | Place    | Note
-------+----------+-------------------------------------------
     0 | D:1      | tof the Minotaur Gladiator began the quest for the Orb.
     0 | D:1      | Reached XP level 1. HP: 18/18 MP: 0/0
    28 | D:1      | Reached XP level 2. HP: 20/25 MP: 1/1
    56 | D:1      | Reached skill level 1 in Armour
   258 | D:1      | Reached XP level 3. HP: 28/30 MP: 2/2
  1055 | D:2      | Reached XP level 4. HP: 38/38 MP: 3/3
  1074 | D:2      | Found a shimmering altar of Xom.
  1074 | D:2      | Found a radiant altar of Vehumet.
  1460 | D:2      | Found an opulent altar of Gozag.
  1460 | D:2      | Found a sparkling altar of Nemelex Xobeh.
  1615 | D:3      | Reached XP level 5. HP: 44/45 MP: 4/4
  1686 | D:3      | Reached skill level 5 in Staves
  2018 | D:3      | Noticed Rhok's ghost (amateur CeCK)
  2034 | D:3      | Killed Rhok's ghost
  2034 | D:3      | Reached XP level 6. HP: 28/52 MP: 5/5
  2520 | D:3      | Reached XP level 7. HP: 43/59 MP: 6/6
  2966 | D:4      | Noticed Rhok's ghost (amateur CeEE)
  2975 | D:4      | Killed Rhok's ghost
  2975 | D:4      | Reached skill level 5 in Armour
  3742 | D:5      | Entered Level 5 of the Dungeon
  3829 | D:5      | Reached skill level 5 in Dodging
  3895 | D:5      | Reached XP level 8. HP: 66/67 MP: 7/7
  4034 | D:5      | Reached skill level 5 in Fighting
  4143 | D:5      | Found a staircase to the Ecumenical Temple.
  4152 | Temple   | Entered the Ecumenical Temple
  4168 | Temple   | Became a worshipper of the Wu Jian Council
  4424 | D:6      | Found a hazy altar of Hepliaklqana.
  4496 | D:6      | Noticed Eustachio
  4518 | D:6      | Killed Eustachio
  5585 | D:7      | Reached XP level 9. HP: 75/75 MP: 8/8
  5648 | D:7      | Reached * piety under Wu Jian
  5764 | D:7      | Reached skill level 5 in Throwing
  7051 | D:8      | Slain by a vampire

Vault maps used:
D:1:      minmay_arrival_five_plusses, minmay_fountain_box
D:2:      grunt_temple_overflow_opulence, gammafunk_temple_overflow_elements,
          first_bread
D:3:      item_on_display_a
D:5:      temple_hall
D:6:      nicolae_whirlpool, marbit_many_paths, uniq_eustachio
D:7:      grunt_livestock
D:8:      lemuel_coloured_pillars_altar, hex_large
Temple:   cyrus_circular_temple

Skill      XL: |  1  2  3  4  5  6  7  8  9 |
---------------+----------------------------+-----
Armour         | 1 2 4 5 7 9 |  9.1
Staves         | 4 5 6 8 9 |  9.9
Fighting       | 3 4 5 6 |  6.8
Throwing       | 3 4 5 |  5.7
Dodging        | 4 5 6 |  6.7

Action                   |  1- 3 |  4- 6 |  7- 9 || total
-------------------------+-------+-------+-------++-------
Melee: Quarterstaff      |    83 |    94 |   374 ||   551
       Headbutt          |     6 |    20 |    71 ||    97
Throw: Javelin           |       |       |    23 ||    23
       Throwing net      |       |       |     1 ||     1
  Use: Scroll            |       |       |     8 ||     8
       Potion            |       |       |     1 ||     1
  Eat: Chunk             |     1 |     4 |    30 ||    35
Armor: Leather armour    |     6 |       |       ||     6
       Scale mail        |    16 |    40 |   134 ||   190
Dodge: Dodged            |    74 |    66 |   209 ||   349

Table legend:
 A = Spawn XP
 B = Non-spawn XP
 C = Spawn XP percentage of total XP
 D = Spawn monster count
 E = Non-spawn monster count
 F = Spawn count percentage of total count
 G = Total turns spent on level
                    A         B        C        D         E        F      G
               +---------+---------+-------+---------+---------+-------+---------
         Total |       0 |    5411 |   0.0 |       0 |     190 |   0.0 |  7051
               +---------+---------+-------+---------+---------+-------+---------
           D:1 |       0 |      53 |   0.0 |       0 |      27 |   0.0 |   774
           D:2 |       0 |     115 |   0.0 |       0 |      27 |   0.0 |   771
           D:3 |       0 |     593 |   0.0 |       0 |      34 |   0.0 |  1087
           D:4 |       0 |     503 |   0.0 |       0 |      20 |   0.0 |  1110
           D:5 |       0 |     447 |   0.0 |       0 |      14 |   0.0 |   559
           D:6 |       0 |     861 |   0.0 |       0 |      22 |   0.0 |  1223
           D:7 |       0 |    2595 |   0.0 |       0 |      37 |   0.0 |  1308
           D:8 |       0 |     244 |   0.0 |       0 |       9 |   0.0 |   191
               +---------+---------+-------+---------+---------+-------+---------
